 Dungeon Crawl Stone Soup version 0.23.2 (webtiles) character file.

Game seed: 18285796438671381993

126 Peloso the Shield-Bearer (level 4, 0/41 HPs)
             Began as a Minotaur Fighter on Apr 7, 2019.
             Killed by divine providence
             ... invoked by an orc priest
              (14 damage)
             ... on level 5 of the Dungeon.
             The game lasted 00:03:50 (2705 turns).

Peloso the Shield-Bearer (Minotaur Fighter)         Turns: 2705, Time: 00:03:51

Health: 0/41       AC:  7    Str: 20    XL:     4   Next: 84%
Magic:  3/3        EV:  7    Int:  5    God:
Gold:   196        SH:  9    Dex: 11    Spells: 3/3 levels left

rFire    . . .     SeeInvis .   a - +0 long sword
rCold    . . .     Gourm    .   c - +0 shield
rNeg     . . .     Faith    .   b - +0 scale mail
rPois    .         Spirit   .   (helmet restricted)
rElec    .         Reflect  .   (no cloak)
rCorr    .         Harm     .   (no gloves)
MR       .....                  (no boots)
Stlth    ..........             (no amulet)
HPRegen  0.13/turn              (no ring)
MPRegen  0.08/turn              (no ring)

@: slowed, very slow
A: retaliatory headbutt, horns 2
a: no special abilities


You were on level 5 of the Dungeon.
You were hungry.

You visited 1 branch of the dungeon, and saw 6 of its levels.

You collected 196 gold pieces.

Inventory:

Hand Weapons
 a - a +0 long sword (weapon)
Missiles
 r - 27 bolts
Armour
 b - a +0 scale mail (worn)
 c - a +0 shield (worn)
Jewellery
 e - an uncursed ring of fire {unknown}
 p - an uncursed amulet of the gourmand {unknown}
Wands
 k - a wand of iceblast (7)
Scrolls
 g - 2 scrolls of fog {unknown}
 i - 5 scrolls of identify {unknown}
 j - a scroll of blinking {unknown}
 l - a scroll of enchant weapon {unknown}
 q - a scroll of remove curse {unknown}
Potions
 d - a potion of might
 h - a potion of berserk rage {unknown}
 m - 3 potions of magic {unknown}
 n - a potion of curing {unknown}
 o - a potion of flight {unknown}
Comestibles
 f - 4 rations


   Skills:
 + Level 4.3 Fighting
 + Level 4.1 Long Blades
 + Level 4.3 Armour
 + Level 0.5 Dodging
 + Level 4.5 Shields


You had 3 spell levels left.
You didn't know any spells.
Your spell library was empty.

Dungeon Overview and Level Annotations

Branches:
Dungeon (6/15)
 Temple: D:4-7

Altars:
Uskayaw


Innate Abilities, Weirdness & Mutations

You reflexively headbutt those who attack you in melee.
You have a pair of horns on your head.


Message History

An orc wizard comes into view. It is wielding a +0 dagger.
The orc wizard shouts!
The orc wizard gestures at you while chanting.
You feel yourself slow down.
An orc wizard comes into view. It is wielding a +0 dagger.
The orc wizard shouts!
Found 27 stones.
An ogre comes into view. It is wielding a +0 giant club.
The ogre shouts!
A giant cockroach comes into view.
You block the orc wizard's attack.
Found a scroll labeled IVEOLUJEXU.
You hit the ogre but do no damage. You headbutt the ogre.
The ogre is lightly wounded.
You block the ogre's attack.
The orc wizard hits you but does no damage.
A jelly comes into view.
The orc priest mumbles some strange prayers to Beogh against you.
Beogh smites you!
You die...

#############
#...........#
#....)......#
#....^.%/...#
#...........# #+#
####...........#####....
#.##......o....o.s..(...
#...........o..o@O......
#.#########.########.J?.
#.#### #.# . #....# #.#
#....# ####o#
#....#.......
#>...'......
##...#oo.... #...#......


You could see an ogre, a jelly (wandering), 2 orc priests, 2 orc wizards and a
giant cockroach.

Vanquished Creatures
  Jessica (D:2)
  Robin (D:3)
  An adder (D:3)
  An ooze (D:4)
  2 worms
  6 leopard geckos
  2 orcs
  3 giant cockroaches
  12 goblins
  6 hobgoblins
  3 jackals (D:1)
  A quokka (D:4)
  A ball python (D:3)
  8 bats
  A frilled lizard (D:1)
  5 kobolds
  4 rats
58 creatures vanquished.

Notes
Turn   | Place    | Note
-------+----------+-------------------------------------------
     0 | D:1      | Peloso the Minotaur Fighter began the quest for the Orb.
     0 | D:1      | Reached XP level 1. HP: 19/19 MP: 0/0
   102 | D:1      | Reached XP level 2. HP: 11/27 MP: 1/1
   981 | D:2      | Noticed Jessica
   985 | D:2      | Reached XP level 3. HP: 33/33 MP: 2/2
  1010 | D:2      | Killed Jessica
  1355 | D:2      | Reached XP level 4. HP: 40/40 MP: 3/3
  1787 | D:3      | Noticed Robin
  1810 | D:3      | Killed Robin
  2003 | D:3      | Found a hide-covered altar of Uskayaw.
  2003 | D:3      | Noticed a +0 hand axe
  2003 | D:3      | Noticed a +0 dagger
  2675 | D:4      | You fall through a shaft for 2 floors!
  2680 | D:5      | Entered Level 5 of the Dungeon
  2702 | D:5      | Noticed an ogre
  2705 | D:5      | Killed from afar by an orc priest

Skill      XL: |  1  2  3  4 |
---------------+-------------+-----
Fighting       | 4 |  4.3
Shields        | 4 |  4.5
Armour         | 4 |  4.3
Long Blades    | 3 4 |  4.1
Dodging        | |  0.5

Action                   |  1- 3 |  4- 6 || total
-------------------------+-------+-------++-------
Melee: Long sword        |    90 |    63 ||   153
       Headbutt          |     8 |     7 ||    15
  Eat: Chunk             |       |     5 ||     5
Armor: Scale mail        |    42 |    39 ||    81
Dodge: Dodged            |    30 |    19 ||    49
Block: Shield            |    51 |    38 ||    89
       Rpst.: Long sword |     4 |     3 ||     7
